Construct Section Command Post
Construct Platoon Command Post
Construct Company Command Post
Unlock M3 Grant Medium Tanks
Selects Heavy Armor Battlegroup
Selects Heavy Armor Battlegroup
Selects Heavy Armor Battlegroup
Selects Engineer Detachments
Selects Crusader AA Medium Tank
Unlock Bishop Self-propelled Artillery
Selects Light Vehicle Withdraw and Refit
Selects Forward Repair Assembly
Bishop Self-propelled Artillery
Selects Churchill Black Prince Heavy Tank
Churchill Black Prince Heavy Tank